 Dungeon Crawl Stone Soup version 0.26-a0-778-g3fe0686644 (webtiles) character file.

Game seed: 6492589900121166522

101 Kattz the Skirmisher (level 4, 38/38 HPs)
             Began as a Ghoul Warper on Nov 10, 2020.
             Quit the game on level 1 of the Dungeon on Nov 11, 2020.
             The game lasted 00:10:22 (2554 turns).

Kattz the Skirmisher (Ghoul Warper)                 Turns: 2554, Time: 00:10:23

Health: 38/38      AC:  3    Str: 15    XL:     4   Next: 75%
Magic:  6/6        EV: 12    Int:  8    God:
Gold:   64         SH:  0    Dex:  8    Spells: 2/7 levels left

rFire    . . .     SeeInvis .     - Unarmed
rCold    + . .     Faith    .   (no shield)
rNeg     + + +     Spirit   .   a - +0 leather armour
rPois    ∞         Reflect  .   (no helmet)
rElec    .         Harm     .   (no cloak)
rCorr    .         Rampage  .   (no gloves)
MR       .....                  (no boots)
Stlth    +.........             (no amulet)
HPRegen  0.12/turn              (no ring)
MPRegen  0.10/turn              (no ring)

@: no status effects
A: rotting body, claws 1, cold resistance 1, negative energy resistance 3,
inhibited regeneration, torment resistance, unbreathing
a: no special abilities


You were on level 1 of the Dungeon.
You visited 1 branch of the dungeon, and saw 2 of its levels.

You collected 64 gold pieces.

Inventory:

Missiles
 d - 4 boomerangs of dispersal (quivered)
Armour
 a - a +0 leather armour (worn)
Scrolls
 e - a scroll of magic mapping
 f - 4 scrolls of identify
 g - 2 scrolls of amnesia
 h - a scroll of remove curse {unknown}
Potions
 b - a potion of cancellation {unknown}
 i - a potion of lignification {unknown}
 j - a potion of flight
 k - a potion of mutation {unknown}


   Skills:
 * Level 3.5 Fighting
 - Level 0.8 Throwing
 - Level 0.8 Armour
 - Level 2.1 Dodging
 + Level 3.2 Unarmed Combat
 + Level 2.2 Spellcasting
 * Level 3.2 Translocations


You had 2 spell levels left.
You knew the following spells:

 Your Spells              Type           Power        Failure   Level
a - Blink                 Tloc           N/A          17%         2
b - Teleport Other        Tloc           #.......     34%         3

Your spell library contained the following spells:

 Spells                   Type           Power        Failure   Level
 Gell's Gravitas          Tloc           #.........   34%         3
 Lesser Beckoning         Tloc           #.........   34%         3
 Passage of Golubria      Tloc           N/A          75%         4


Dungeon Overview and Level Annotations

Branches:
Dungeon (2/15)

Altars:
Xom

Annotations:
D:2 Terence


Innate Abilities, Weirdness & Mutations

Your body is rotting away.
You thrive by killing the living.
You are immune to poison.
You have sharp fingernails.
Your flesh is cold resistant. (rC+)
You are immune to negative energy. (rN+++)
You do not regenerate when monsters are visible.
You are immune to unholy pain and torment.
You can survive without breathing.


Message History

Casting: Blink (safe; 17% risk of failure)
Confirm with . or Enter, or press ? or * to list all spells.
You miscast Blink.
You are very lightly contaminated with residual magic.
Nothing appears to happen.
Okay, then.
Your magical contamination has completely faded away.
You are starting to lose your buoyancy.
You float gracefully downwards.
There is a stone staircase leading down here.
Things that are here:
a +0 club; a +0 short sword; 3 stones
There is a stone staircase leading up here.
You climb upwards.
There is a stone staircase leading down here.
You start resting.
HP restored.
Welcome back, Kattz the Ghoul Warper.
Press ? for a list of commands and other information.
Are you sure you want to abandon this character and quit the game? (Confirm with "yes".)

##..##......#..#.#.##.##....# #.
##........)......#.##.##....# #.
.........#)##..#.#.#........# #.
#...##.#.#.##....#.#..#..)..# #.
.................#.####.#...# #.
#########.#.................# #.
..........#..##..#.#####.##.# #.
.######...#........>........####.
..........#...#.@##.####.........
.##..##...#...#.........########.
..........#...##############.# #.
###########..........#...†...# #.
#.#......######.#.####### #.
######.#........####.#.#########.
.......####........#.#...........
######.##..............##########
........).#...#..#.....# #...


There were no monsters in sight!

Vanquished Creatures
  4 adders (D:2)
  2 worms (D:2)
  A dart slug (D:1)
  4 leopard geckos
  4 giant cockroaches
  5 goblins
  6 hobgoblins
  4 jackals (D:2)
  A ball python (D:1)
  7 bats
  2 frilled lizards (D:1)
  7 kobolds
  4 rats (D:1)
51 creatures vanquished.

Notes
Turn   | Place    | Note
-------+----------+-------------------------------------------
     0 | D:1      | Kattz the Ghoul Warper began the quest for the Orb.
     0 | D:1      | Reached XP level 1. HP: 17/17 MP: 2/2
   197 | D:1      | Reached XP level 2. HP: 14/25 MP: 3/3
  1013 | D:1      | Reached XP level 3. HP: 28/30 MP: 4/4
  1041 | D:1      | Learned a level 2 spell: Blink
  1705 | D:2      | Found a shimmering altar of Xom.
  1771 | D:2      | Reached XP level 4. HP: 35/38 MP: 6/6
  1776 | D:2      | Learned a level 3 spell: Teleport Other
  2230 | D:2      | Noticed Terence
  2554 | D:1      | Quit the game

Illustrated notes

Levels and vault maps discovered:
D:1:      dpeg_arrival_line_fractal, layout_basic
D:2:      layout_loops_ring, lemuel_doored_altar, uniq_terence

Skill      XL: |  1  2  3 |
---------------+----------+-----
Dodging        | 2 |  2.1
Spellcasting   | 2 |  2.2
Fighting       | 3 |  3.5
Unarmed Combat | 3 |  3.2
Translocations | 3 |  3.2
Throwing       | |  0.8
Armour         | |  0.8

Action                   |  1- 3 |  4- 6 || total
-------------------------+-------+-------++-------
Melee: Unarmed           |   169 |    57 ||   226
       Punch             |     1 |     1 ||     2
Throw: Boomerang         |       |     1 ||     1
  Use: Scroll            |     3 |     1 ||     4
       Potion            |       |     1 ||     1
Armor: Leather armour    |    59 |     8 ||    67
Dodge: Dodged            |   134 |    32 ||   166

Table legend: (Time is in decaauts)
 A = Elapsed time spent in this place.
 B = Non-inter-level travel time spent in this place.
 C = Inter-level travel time spent in this place.
 D = Time resting spent in this place.
 E = Time spent auto-exploring this place.
 F = Levels seen in this place.
 G = Mean time per level.
                   A        B        C        D        E       F      G
               +--------+--------+--------+--------+--------+-----+--------+
         Total |   2542 |   2510 |     32 |    595 |   1434 |   2 | 1271.0 |
       Dungeon |   2542 |   2510 |     32 |    595 |   1434 |   2 | 1271.0 |
               +--------+--------+--------+--------+--------+-----+--------+

Top non-repeatable levels by time:
     D:1: 1926 daAuts
     D:2: 616 daAuts
